 Dungeon Crawl Stone Soup version 0.22.0-16-gc6d26f69f9 (webtiles) character file.

370 Peloso the Slasher (level 6, -5/53 HPs)
             Began as a Minotaur Fighter on Aug 18, 2018.
             Slain by an ogre
             ... wielding a +0 giant spiked club
              (30 damage)
             ... on level 4 of the Dungeon.
             The game lasted 00:06:25 (3259 turns).

Peloso the Slasher (Minotaur Fighter)               Turns: 3259, Time: 00:06:26

Health: -5/53      AC: 13    Str: 21    XL:     6   Next: 42%
Magic:  5/5        EV:  4    Int:  5    God:
Gold:   133        SH: 10    Dex: 11    Spells: 5/5 levels left

rFire    + . .     SeeInvis .   a - +0 long sword
rCold    x . .     Gourm    .   c - +0 shield
rNeg     . . .     Faith    .   b - +1 plate armour
rPois    .         Spirit   .   (helmet restricted)
rElec    .         Reflect  .   (no cloak)
rCorr    .         Harm     .   (no gloves)
MR       .....                  (no boots)
Stlth    ..........             (no amulet)
HPRegen  0.17/turn              g - ring of fire
MPRegen  0.09/turn              (no ring)

@: no status effects
A: retaliatory headbutt, horns 2
a: no special abilities


You were on level 4 of the Dungeon.
You were hungry.

You visited 1 branch of the dungeon, and saw 4 of its levels.

You collected 133 gold pieces.

Inventory:

Hand Weapons
 a - a +0 long sword (weapon)
Armour
 b - a +1 plate armour (worn)
 c - a +0 shield (worn)
Jewellery
 g - a ring of fire (left hand)
Scrolls
 e - a scroll of amnesia {unknown}
 l - 2 scrolls of teleportation
 m - 2 scrolls of enchant weapon {unknown}
Potions
 d - a potion of might
 j - a potion of flight
 o - 2 potions of ambrosia {unknown}
Comestibles
 f - 5 rations


   Skills:
 + Level 4.6 Fighting
 + Level 5.4 Long Blades
 + Level 5.1 Armour
 + Level 0.4 Dodging
 + Level 0.6 Stealth
 + Level 5.2 Shields


You had 5 spell levels left.
You didn't know any spells.
Your spell library contained the following spells:

 Spells                   Type           Power        Failure   Level  Hunger
 Magic Dart               Conj           #...         100%        1    ##.....
 Conjure Flame            Conj/Fire      #.......     100%        3    ####...
 Slow                     Hex            #.......     100%        2    ###....
 Mephitic Cloud           Conj/Pois/Air  #.......     100%        3    ####...
 Blink                    Tloc           N/A          100%        2    ###....
 Call Imp                 Summ           #.......     100%        2    ###....


Dungeon Overview and Level Annotations

Branches:
Dungeon (4/15)
 Temple: D:4-7

Altars:
Fedhas
Nemelex Xobeh

Annotations:
D:3 1 transporter


Innate Abilities, Weirdness & Mutations

You reflexively headbutt those who attack you in melee.
You have a pair of horns on your head.


Message History

You now have 133 gold pieces (gained 14).
HP restored.
Found a stone staircase leading down.
An ogre comes into view. It is wielding a giant spiked club.
Your shield and plate armour prevent you from hitting the ogre.
The ogre hits you with a giant spiked club!
You hit the ogre. You headbutt the ogre!
The ogre is heavily wounded.
The ogre hits you but does no damage.
You slash the ogre!
The ogre is severely wounded.
The ogre barely misses you.
Your shield and plate armour prevent you from hitting the ogre.
The ogre is severely wounded.
The ogre hits you with a giant spiked club!!
You hit the ogre. You headbutt the ogre.
The ogre is almost dead.
The ogre hits you with a giant spiked club!!
Ouch! That really hurt!
You die...

....####..##...#
#.#..............
....####..###.####
#.#.####..###.#
.............#
.#..###..##..# ..
#..##..#####.
#.........>..
##.##@.#####
#.##O.# ......#
##.##.## #.##.#
#.##.# #..... ..#


You could see an ogre.

Vanquished Creatures
  Eustachio (D:4)
  A scorpion (D:4)
  3 gnolls (D:3)
  7 adders
  An ooze (D:1)
  A worm (D:2)
  2 dart slugs (D:1)
  2 leopard geckos (D:3)
  4 orcs
  A ball python (D:1)
  3 giant cockroaches
  7 goblins
  5 hobgoblins
  11 jackals
  2 kobolds
  A quokka (D:2)
  8 bats
  3 frilled lizards
  5 rats
68 creatures vanquished.

Notes
Turn   | Place    | Note
-------+----------+-------------------------------------------
     0 | D:1      | Peloso the Minotaur Fighter began the quest for the Orb.
     0 | D:1      | Reached XP level 1. HP: 19/19 MP: 0/0
    67 | D:1      | Reached XP level 2. HP: 21/27 MP: 1/1
   621 | D:2      | Reached XP level 3. HP: 33/33 MP: 2/2
   828 | D:2      | Found a blossoming altar of Fedhas.
  1280 | D:2      | Reached XP level 4. HP: 40/40 MP: 3/3
  2081 | D:3      | Reached XP level 5. HP: 36/46 MP: 4/4
  2530 | D:3      | Found a sparkling altar of Nemelex Xobeh.
  2530 | D:3      | Found a transporter.
  2531 | D:3      | Noticed a steam dragon
  2943 | D:4      | Noticed Eustachio
  3003 | D:4      | Killed Eustachio
  3003 | D:4      | Reached skill level 5 in Long Blades
  3003 | D:4      | Reached skill level 5 in Armour
  3003 | D:4      | Reached skill level 5 in Shields
  3003 | D:4      | Reached XP level 6. HP: 13/53 MP: 5/5
  3259 | D:4      | Slain by an ogre

Skill      XL: |  1  2  3  4  5 |
---------------+----------------+-----
Shields        | 4 5 |  5.2
Fighting       | 4 |  4.6
Armour         | 4 5 |  5.1
Long Blades    | 3 4 5 |  5.4
Dodging        | |  0.4
Stealth        | |  0.6

Action                   |  1- 3 |  4- 6 || total
-------------------------+-------+-------++-------
Melee: Long sword        |    73 |   129 ||   202
       Headbutt          |     7 |    19 ||    26
  Use: Scroll            |       |     6 ||     6
       Potion            |       |     1 ||     1
  Eat: Chunk             |       |     7 ||     7
Armor: Scale mail        |    42 |     9 ||    51
       Plate armour      |       |    94 ||    94
Dodge: Dodged            |    22 |    40 ||    62
Block: Shield            |    51 |    93 ||   144
       Rpst.: Long sword |     8 |    11 ||    19
